 Dungeon Crawl Stone Soup version 0.31-a0-246-g8cbcc1cb85 (webtiles) character file.

Game seed: 545120504969531542

13815 Newt the Prestidigitator (level 12, -1/61 HPs)
             Began as a Kobold Hunter on July 11, 2023.
             Was an Elder of Hepliaklqana.
             Slain by a black mamba (2 damage)
             ... on level 1 of the Lair of Beasts on July 12, 2023.
             The game lasted 00:13:44 (9598 turns).

Newt the Prestidigitator (Kobold Hunter)            Turns: 9598, Time: 00:13:44

Health: -1/61      AC: 11    Str:  8    XL:     12   Next: 37%
Magic:  0/19       EV: 15    Int: 13    God:    Hepliaklqana [****..]
Gold:   534        SH:  0    Dex: 21    Spells: 17/21 levels left

rFire   + . .        i - +9 staff of Olgreb {rPois∞}
rCold   . . .        (shield currently unavailable)
rNeg    . . .        D - +0 troll leather armour
rPois   ∞            p - +0 helmet
rElec   .            (no cloak)
rCorr   .            (no gloves)
SInv    .            u - +0 pair of boots
Will    .....        f - amulet of guardian spirit
Stlth   +++          q - +4 ring of protection
HPRegen 1.10/turn    n - ring of protection from fire
MPRegen 0.16/turn

%: guardian spirit
@: studying 2 skills
A: reduced essence, small, no large weapons, nightstalker 3
a: Renounce Religion, Evoke the Staff of Olgreb, Recall Ancestor, Ancestor
Identity, Transference, Idealise


You were on level 1 of the Lair of Beasts.
You worshipped Hepliaklqana.
Hepliaklqana was greatly pleased with you.
You visited 2 branches of the dungeon, and saw 9 of its levels.

You collected 1297 gold pieces.
You spent 763 gold pieces at shops.

Inventory:

Hand Weapons
 a - a +1 shortbow
 i - the +9 staff of Olgreb (weapon) {rPois∞}
   (You acquired it on level 2 of the Dungeon)

   It enhances your poison magic.
   It grants immunity to poison.
   It can be activated via the 'a'bility menu to radiate toxic energy, with
   effectiveness depending on Evocations skill.
Armour
 c - a +0 leather armour
 p - a +0 helmet (worn)
 u - a +0 pair of boots (worn)
 D - a +0 troll leather armour (worn)
Jewellery
 f - an amulet of guardian spirit (around neck)
 n - a ring of protection from fire (right hand)
 q - a +4 ring of protection (left hand)
 K - a ring of wizardry
Wands
 v - a wand of acid (6)
 x - a wand of roots (14)
 G - a wand of mindburst (16)
Scrolls
 b - a scroll of butterflies
 e - a scroll of teleportation
 h - a scroll of enchant armour
 k - 3 scrolls of fog
 m - a scroll of vulnerability
 o - 3 scrolls of poison
 r - a scroll of noise
 y - 3 scrolls of revelation
 z - 2 scrolls of amnesia
 E - a scroll of silence
 I - a scroll of summoning
 L - a scroll of identify
Potions
 d - 9 potions of curing
 g - a potion of brilliance
 j - 2 potions of heal wounds
 l - 2 potions of invisibility
 s - 3 potions of degeneration
 t - a potion of haste
 w - 2 potions of attraction {unknown}
 A - a potion of enlightenment
 B - a potion of cancellation
 H - a potion of lignification
 J - a potion of might {unknown}
Miscellaneous
 F - a phantom mirror


   Skills:
 - Level 5.0 Fighting
 - Level 6.0 Staves
 - Level 5.3 Ranged Weapons
 - Level 6.0 Armour
 - Level 2.4 Dodging
 - Level 1.3 Stealth
 - Level 5.0 Spellcasting
 + Level 8.5 Transmutations
 + Level 8.4 Fire Magic
 - Level 5.0 Poison Magic
 - Level 9.0 Evocations
 + Level 7.0 Shapeshifting


You had 17 spell levels left.
You knew the following spells:

 Your Spells              Type           Power      Damage    Failure   Level
a - Sting                 Tmut/Pois      100%       1d8       1%          1
b - Ignite Poison         Fire/Tmut/Pois 33%        N/A       3%          3

Your spell library contained the following spells:

 Spells                   Type           Power      Damage    Failure   Level
 Wereblood                Tmut           25%        N/A       1%          2
 Slow                     Hex            12%        N/A       26%         1
 Olgreb's Toxic Radiance  Pois           24%        N/A       32%         4
 Sublimation of Blood     Necr           3%         N/A       36%         2
 Confusing Touch          Hex            3%         N/A       58%         3
 Ozocubu's Armour         Ice            3%         N/A       58%         3
 Stone Arrow              Conj/Erth      6%         3d7       58%         3
 Vampiric Draining        Necr           3%         2d6       58%         3
 Animate Armour           Summ/Erth      6%         N/A       94%         4
 Simulacrum               Ice/Necr       1%         N/A       100%        6
 Ozocubu's Refrigeration  Ice            1%         4d7       100%        7
 Summon Hydra             Summ           1%         N/A       100%        7
 Discord                  Hex            1%         N/A       100%        8
 Ignition                 Fire           12%        3d6       100%        8
 Lehudib's Crystal Spear  Conj/Erth      1%         10d2      100%        8


Dungeon Overview and Level Annotations

Branches:
Dungeon (8/15)             Temple (0/1) D:6            Lair (1/5) D:8

Altars:
Hepliaklqana
Makhleb
Trog
Vehumet
Wu Jian
The Shining One

Shops:
D:2 :   D:4 *   D:6 *   D:7 (

Annotations:
Lair:1 2 runed translucent doors


Innate Abilities, Weirdness & Mutations

Your life essence is reduced to manifest your ancestor. (-10% HP)
You are small and have problems with some larger weapons.
You are completely attuned to the shadows.


Message History

You barely miss the black mamba.
The black mamba is lightly wounded.
The black mamba bites you. The black mamba bites you!
You completely miss the black mamba.
The black mamba is lightly wounded.
The black mamba bites you.
Octavius misses the black mamba.
The black mamba bites you but does no damage.
You miss the black mamba.
The black mamba is lightly wounded.
The black mamba bites you.
Octavius completely misses the black mamba.
You are too injured to fight recklessly!
You are too injured to fight recklessly!
You barely miss the black mamba.
The black mamba is lightly wounded.
The black mamba bites you!
The black mamba bites you but does no damage.
You miss the black mamba.
The black mamba is lightly wounded.
The black mamba barely misses you.
Octavius barely misses the black mamba.
The black mamba bites you!
* * * LOW HITPOINT WARNING * * *
Throw: 2 throwing nets
Press: ? - help, Shift-Dir - straight line, f - black mamba
Aim: a black mamba (lightly wounded, ally target, 48% to hit)
You throw a throwing net.
The throwing net misses the black mamba.
The black mamba misses you.
Octavius closely misses the black mamba.
The black mamba bites you!
* * * LOW HITPOINT WARNING * * *
Throw: throwing net
Press: ? - help, Shift-Dir - straight line, f/p - black mamba
Aim: a black mamba (lightly wounded, ally target, 48% to hit)
You throw a throwing net.
The throwing net misses the black mamba.
The black mamba bites you!
* * * LOW HITPOINT WARNING * * *
The black mamba bites you.
You die...

####.#....####++###
††#......###......###
†.........##...!....#.
†..........#.#..#†.....
............#.....†....
......#......#P.#......
.....####....###..†....
#...# ##........R†...
#... ##.....@S..(..
..)../..... .........(.
........... .[........
.........


You could see the friendly Octavius the knight and a black mamba (ally target).

Vanquished Creatures
  A centaur warrior (D:8)
  3 two-headed ogres
  A cyclops (D:8)
  2 cane toads (Lair:1)
  A komodo dragon (Lair:1)
  The ghost of garrulousMonolith the Digger, a novice GrEE of Gozag (D:4)
  A troll (D:8)
  10 blink frogs (Lair:1)
  Sigmund (D:3)
  18 yaks
  A basilisk (Lair:1)
  Menkaure (D:6)
  2 steam dragons (D:8)
  4 water moccasins
  2 ogres
  A centaur (D:5)
  2 phantoms
  4 kobold brigands
  10 bullfrogs
  A gnoll sergeant (D:8)
  2 scorpions
  3 wights
  Dowan (D:6)
  11 killer bees
  An electric eel (D:8)
  10 howler monkeys
  3 hounds
  3 jellies
  An orc priest (D:3)
  A bullfrog skeleton (D:4)
  2 sleepcaps
  A gnoll bouda (D:8)
  An iron imp (D:6)
  4 iguanas
  4 orc wizards
  A mummy (D:4)
  Robin (D:3)
  8 adders
  4 gnolls
  An adder zombie (D:4)
  A worm (D:3)
  4 dart slugs
  20 orcs
  6 endoplasms
  A giant cockroach (D:2)
  16 goblins
  8 hobgoblins
  12 jackals
  22 kobolds
  3 quokkas
  6 ball pythons
  2 bats (D:1)
  3 frilled lizards
  A goblin skeleton (D:6)
  2 goblin zombies (D:6)
  2 hobgoblin zombies (D:6)
  A kobold skeleton (D:6)
  A kobold zombie (D:6)
  7 rats
248 creatures vanquished.

Vanquished Creatures (collateral kills)
  A yak (D:8)
  Duvessa (D:6)
  An ogre (D:6)
  A centaur (D:6)
  A kobold brigand (D:8)
  A gnoll sergeant (D:7)
  A bullfrog (D:6)
  A water moccasin zombie (D:4)
  A scorpion (D:4)
  A killer bee (D:6)
  A howler monkey (D:6)
  A sleepcap (D:5)
  An adder (D:4)
  3 gnolls
  An orc (D:8)
  A hobgoblin zombie (D:6)
  2 kobolds
  2 kobold skeletons (D:6)
  An orc skeleton (D:6)
23 creatures vanquished.

Vanquished Creatures (others)
  2 ancestors
  2 knights
4 creatures vanquished.

Grand Total: 275 creatures vanquished

Notes
Turn   | Place    | Note
-------+----------+-------------------------------------------
     0 | D:1      | Newt the Kobold Hunter began the quest for the Orb.
     0 | D:1      | Reached XP level 1. HP: 12/12 MP: 1/1
   128 | D:1      | Reached XP level 2. HP: 19/19 MP: 2/2
   214 | D:1      | You fall into a shaft and drop 1 floor!
   594 | D:1      | Reached XP level 3. HP: 21/23 MP: 3/3
  1125 | D:2      | Reached XP level 4. HP: 20/30 MP: 4/4
  1399 | D:2      | Identified a scroll of acquirement
  1399 | D:2      | Acquired the +9 staff of Olgreb {rPois∞}
  1399 | D:2      | Found the +9 staff of Olgreb {rPois∞}
  1557 | D:2      | Found Hatischic's Book Boutique.
  2046 | D:3      | Reached skill level 5 in Fighting
  2070 | D:3      | Reached skill level 1 in Staves
  2099 | D:3      | Reached XP level 5. HP: 35/35 MP: 5/5
  2124 | D:3      | Found a hazy altar of Hepliaklqana.
  2127 | D:3      | Acquired a manual of Armour
  2129 | D:3      | Acquired a manual of Staves
  2131 | D:3      | Acquired 769 gold pieces
  2148 | D:3      | Became a worshipper of Hepliaklqana the Forgotten
  2280 | D:3      | Noticed Sigmund
  2314 | D:3      | Killed Sigmund
  2315 | D:3      | Reached skill level 5 in Staves
  2315 | D:3      | Reached XP level 6. HP: 26/40 MP: 3/6
  2677 | D:2      | Bought the Folio of Blight and the Serac for 408 gold
                  | pieces
  2679 | D:2      | Learned a level 1 spell: Sting
  2736 | D:3      | Noticed Robin
  2746 | D:3      | Killed Robin
  3061 | D:3      | Found a bloodstained altar of Trog.
  3474 | D:4      | Reached * piety under Hepliaklqana
  3506 | D:4      | Found a runed translucent gate.
  3507 | D:4      | Found a runed translucent gate.
  3508 | D:4      | Found a runed translucent gate.
  3528 | D:4      | Reached skill level 1 in Spellcasting
  3528 | D:4      | Reached skill level 1 in Poison Magic
  3528 | D:4      | Reached XP level 7. HP: 37/39 MP: 6/9
  3556 | D:4      | Noticed garrulousMonolith's ghost (novice GrEE)
  3804 | D:4      | Killed garrulousMonolith's ghost
  3805 | D:4      | Reached XP level 8. HP: 44/44 MP: 5/13
  4039 | D:4      | Found a burning altar of Makhleb.
  4169 | D:4      | Found Teif's General Store.
  4174 | D:4      | Bought 3 scrolls of identify for 84 gold pieces
  4224 | D:4      | Found an ornate altar of the Wu Jian Council.
  4553 | D:5      | Entered Level 5 of the Dungeon
  4781 | D:5      | Reached skill level 5 in Spellcasting
  4781 | D:5      | Reached skill level 5 in Poison Magic
  4916 | D:5      | Reached skill level 1 in Armour
  4982 | D:5      | Reached ** piety under Hepliaklqana
  4983 | D:5      | Remembered your ancestor Octavius as a knight
  5154 | D:5      | Noticed a two-headed ogre
  5171 | D:5      | Killed a two-headed ogre
  5172 | D:5      | Reached skill level 4 in Evocations
  5172 | D:5      | Reached XP level 9. HP: 8/48 MP: 2/16
  5467 | D:6      | Reached skill level 5 in Evocations
  5533 | D:6      | Found a glowing golden altar of the Shining One.
  5613 | D:6      | Reached skill level 6 in Evocations
  5706 | D:6      | Noticed Duvessa
  5708 | D:6      | Noticed Dowan
  5713 | D:6      | Killed Duvessa
  5719 | D:6      | Killed Dowan
  5881 | D:6      | Reached skill level 7 in Evocations
  5969 | D:6      | Reached skill level 8 in Evocations
  5969 | D:6      | Reached XP level 10. HP: 53/53 MP: 12/17
  6047 | D:6      | Found a radiant altar of Vehumet.
  6181 | D:6      | Reached skill level 9 in Evocations
  6194 | D:6      | Found Kiviozxai's Specific Store.
  6195 | D:6      | Found Wuzam's General Store.
  6198 | D:6      | Bought a potion of heal wounds for 70 gold pieces
  6198 | D:6      | Bought a wand of roots (5) for 168 gold pieces
  6202 | D:6      | Bought a potion of curing for 33 gold pieces
  6203 | D:6      | Found a staircase to the Ecumenical Temple.
  6264 | D:6      | Noticed Menkaure
  6270 | D:6      | Killed Menkaure
  6271 | D:6      | Reached skill level 1 in Transmutations
  6271 | D:6      | Reached skill level 1 in Fire Magic
  6509 | D:6      | Learned a level 3 spell: Ignite Poison
  7027 | D:7      | Reached *** piety under Hepliaklqana
  7213 | D:7      | Found Moucipre's Weapon Shoppe.
  7739 | D:8      | Found a staircase to the Lair.
  7806 | D:8      | Upgraded the game from 0.31-a0-237-g2d982f9f85 to
                  | 0.31-a0-246-g8cbcc1cb85
  7981 | D:8      | Noticed a two-headed ogre
  7986 | D:8      | Killed a two-headed ogre
  7987 | D:8      | Reached skill level 5 in Transmutations
  7987 | D:8      | Reached skill level 5 in Fire Magic
  7987 | D:8      | Reached XP level 11. HP: 56/56 MP: 10/18
  7999 | D:8      | Noticed a two-headed ogre
  8026 | D:8      | Killed a two-headed ogre
  8027 | D:8      | Reached skill level 5 in Shapeshifting
  8049 | D:8      | Noticed a cyclops
  8086 | D:8      | Killed a cyclops
  8721 | D:8      | Noticed a centaur warrior
  8726 | D:8      | Killed a centaur warrior
  9064 | Lair:1   | Entered Level 1 of the Lair of Beasts
  9064 | Lair:1   | Reached **** piety under Hepliaklqana
  9328 | Lair:1   | Reached XP level 12. HP: 61/61 MP: 7/19
  9521 | Lair:1   | Found a large runed translucent door.
  9521 | Lair:1   | Found a large runed translucent door.
  9598 | Lair:1   | HP: 1/61 [black mamba (9)]
  9598 | Lair:1   | Slain by a black mamba

Illustrated notes

Levels and vault maps discovered:
D:1:      dpeg_arrival_erosion, layout_basic, minivault_4
D:2:      layout_basic, serial_shops, shop
D:3:      layout_basic, trog_book, mainiacjoe_overflow_concentric_impassable,
          minivault_4, amethyst_killhole, uniq_robin, uniq_sigmund
D:4:      layout_cave_pools, lemuel_mausoleum_altar_yredelemnul,
          nicolae_wu_jian_immortal_techniques, lightli_temple_of_fire,
          serial_shops, shop, gammafunk_ghost_necromancy
D:5:      layout_rooms
D:6:      layout_basic, kennysheep_mini_moat, nicolae_tso_besieged_by_evil,
          minmay_temple_entry_statues_pillars, nicolae_specific_store,
          uniq_menkaure, uniq_duvessa
D:7:      layout_cave_pools, serial_shops, shop
D:8:      nzn_winding_woodlands_medium [nzn_winding_woodlands_hourglass,
          nzn_winding_woodlands_5x15_river_crossing,
          nzn_winding_woodlands_5x5_open_star,
          nzn_winding_woodlands_5x5_default, nzn_winding_woodlands_center_lodge,
          nzn_winding_woodlands_5x5_checkerboard,
          nzn_winding_woodlands_5x5_perimeter, nzn_winding_woodlands_5x15_twine,
          nzn_winding_woodlands_5x5_closed_star], layout_basic,
          minmay_misc_feat_alley, minmay_misc_feat_more_columns,
          minmay_microvault
Lair:1:   layout_layer_cave, ebering_ghost_disaster_area, serial_bayou_shore_b,
          lemuel_fruit_tree

Skill      XL: |  1  2  3  4  5  6  7  8  9 10 11 12 |
---------------+-------------------------------------+-----
Fighting       | 3 4 5 |  5.0
Staves         | 1 5 6 |  6.0
Spellcasting   | 1 3 5 |  5.0
Poison Magic   | 1 3 5 |  5.0
Armour         | 6 |  6.0
Evocations     | 4 8 9 |  9.0
Transmutations | 5 7 8 |  8.5
Fire Magic     | 5 7 8 |  8.4
Shapeshifting  | 4 6 7 |  7.0
Ranged Weapons | |  5.3
Dodging        | |  2.4
Stealth        | |  1.3

Action                     |  1- 3 |  4- 6 |  7- 9 | 10-12 || total
---------------------------+-------+-------+-------+-------++-------
  Melee: Staff             |       |    74 |   172 |   212 ||   458
   Fire: Shortbow          |    88 |    16 |       |       ||   104
  Throw: Throwing net      |       |       |       |     2 ||     2
   Cast: Sting             |       |       |    15 |       ||    15
         Ignite Poison     |       |       |       |    11 ||    11
 Invoke: Recall Ancestor   |       |       |     3 |     1 ||     4
         Ancestor Life: Kn |       |       |     1 |       ||     1
Ability: Evoke the Staff o |       |     3 |     6 |    11 ||    20
  Evoke: Wand              |       |       |     4 |     2 ||     6
    Use: Scroll            |     5 |    10 |     4 |     6 ||    25
         Potion            |       |       |     2 |     1 ||     3
   Stab: Sleeping          |       |    12 |    10 |    11 ||    33
         Distracted        |       |     1 |       |     1 ||     2
 Armour: Leather armour    |    16 |    11 |    42 |    17 ||    86
         Skin              |       |       |     7 |       ||     7
         Troll leather arm |       |       |       |    47 ||    47
  Dodge: Dodged            |    51 |    44 |   125 |   163 ||   383

Table legend: (Time is in decaauts)
 A = Elapsed time spent in this place.
 B = Non-inter-level travel time spent in this place.
 C = Inter-level travel time spent in this place.
 D = Time resting spent in this place.
 E = Time spent auto-exploring this place.
 F = Levels seen in this place.
 G = Mean time per level.
                   A        B        C        D        E       F      G
               +--------+--------+--------+--------+--------+-----+--------+
         Total |   9557 |   9183 |    374 |   1289 |   6540 |   9 | 1061.9 |
       Dungeon |   9028 |   8654 |    374 |   1112 |   6271 |   8 | 1128.5 |
          Lair |    529 |    529 |      0 |    177 |    269 |   1 |  529.0 |
               +--------+--------+--------+--------+--------+-----+--------+

Top non-repeatable levels by time:
     D:8: 1572 daAuts
     D:6: 1494 daAuts
     D:3: 1465 daAuts
     D:2: 1221 daAuts
     D:4: 1138 daAuts
     D:5: 851 daAuts
     D:1: 719 daAuts
     D:7: 565 daAuts
  Lair:1: 529 daAuts
